Map: Ultralove

Players

PilOu - Winner!

  • Race: Zerg Zerg
  • League: Master
  • Spawn Location: 7:00

ManlyManMeat

  • Race: Zerg Zerg
  • League: Diamond
  • Spawn Location: 1:00

VOD

Have the link to the VOD?

Description

Time

  • Played on: July 8, 2025, 6:34 a.m.
  • Length: 7:52
Show
View Real Time Build Order
Export as new Build Order

PilOu Zerg - Winner!

Build Orders: Hatch First 

Get SALT Encoding   

  12  0:00  Drone  
  13  0:08  Drone  
  14  0:14  Extractor  
  14  0:15  Drone  
  15  0:23  Overlord  
  15  0:43  Drone x2  
  17  0:50  Hatchery  
  17  0:54  Drone  
  17  0:56  Drone  
  18  1:08  Extractor  
  17  1:12  Spawning Pool  
  17  1:15  Drone  
  17  1:17  Drone  
  18  1:26  Drone  
  19  1:38  Overlord  
  19  1:59  Queen  
  19  2:00  Drone x2  
  23  2:02  Queen  
  23  2:03  Drone  
  26  2:13  Metabolic Boost  
  26  2:26  Hatchery  
  25  2:30  Drone x2  
  25  2:31  Drone  
  25  2:34  Drone  
  29  2:43  Queen  
  31  2:45  Drone  
  31  2:47  Drone  
  33  2:54  Zergling x4  
  33  2:55  Zergling x2  
  36  3:00  Overlord  
  36  3:07  Baneling Nest  
  36  3:10  Drone  
  36  3:18  Zergling x8  
  38  3:29  Zergling x6  
  43  3:39  Overlord x3  
  36  3:50  Zergling x6  
  39  4:03  Zergling x12  
  39  4:07  Baneling  
  39  4:08  Baneling x4  
  45  4:25  Hatchery  
  45  4:31  Zergling x8  
  45  4:32  Zergling x10  
  47  4:54  Zergling x2  
  47  4:55  Zergling x8  
  49  5:01  Zergling x2  
  49  5:02  Zergling x12  
  54  5:17  Zergling x2, Overlord  
  52  5:33  Zergling x2  
  52  5:34  Zergling x14  
  46  5:52  Zergling x2  
  46  5:53  Zergling x4  
  48  6:00  Zergling x8  
  52  6:06  Baneling  
  52  6:07  Baneling x7  
  46  6:25  Zergling x2  
  46  6:26  Zergling x14  
  44  6:40  Zergling x2  
  44  6:41  Zergling x10  
  48  6:51  Roach Warren  
  47  6:56  Zergling x18  
  56  7:10  Evolution Chamber  
  52  7:34  Zergling x2  
  52  7:35  Zergling x2  
Show
View Real Time Build Order
Export as new Build Order

ManlyManMeat Zerg 

Build Orders: Hatch First 

Get SALT Encoding   

  12  0:00  Drone  
  13  0:08  Drone  
  14  0:14  Extractor  
  14  0:16  Drone  
  15  0:25  Overlord  
  15  0:45  Hatchery  
  15  0:46  Drone  
  15  0:50  Drone  
  16  0:58  Drone x2  
  18  1:05  Extractor  
  17  1:20  Spawning Pool  
  17  1:24  Drone x2  
  18  1:30  Drone  
  19  1:40  Drone  
  20  2:07  Queen x2  
  20  2:08  Zergling x4  
  26  2:09  Zergling x2  
  26  2:10  Overlord  
  27  2:26  Drone  
  28  2:35  Drone, Hatchery  
  28  2:36  Drone  
  29  2:42  Metabolic Boost  
  29  2:51  Zergling x6  
  32  3:00  Drone  
  32  3:01  Baneling Nest  
  32  3:12  Roach Warren  
  31  3:13  Overlord  
  30  3:34  Drone x6  
  32  3:39  Overlord  
  33  3:56  Roach x4  
  33  4:01  Lair  
  41  4:03  Drone  
  41  4:05  Baneling  
  41  4:06  Baneling  
  41  4:07  Baneling  
  42  4:12  Queen  
  44  4:22  Overlord  
  44  4:30  Roach x2  
  48  4:31  Overlord  
  44  4:55  Roach x3  
  50  5:02  Drone x4  
  50  5:03  Drone x2  
  50  5:06  Zergling x16  
  50  5:27  Zergling x2, Roach x3  
  52  5:33  Roach  
  49  5:41  Zergling x2  
  39  5:44  Zergling x14  
  41  5:55  Zergling x6  
  40  5:58  Zergling x4  
  42  6:05  Baneling x3  
  42  6:16  Drone x5  
  42  6:17  Drone  
  48  6:19  Baneling x2  
  33  6:47  Drone x4  
  33  6:48  Zergling x8  
  33  6:50  Baneling  
  40  7:02  Roach  
  42  7:10  Drone x3  
  42  7:24  Zergling x8  
  44  7:33  Zergling x2  
  44  7:34  Zergling x6  
Tags
 
Matchup
ZvZ
Race
Zerg
Replay Pack
Myownreplay2
Spawn Locations
Cross Positions
Add a new tag
Caveats
  • Supply blocks, unpowered buildings, or Contaminate may cause inaccurate times.
  • Supply counts are checked every 10 seconds.